Map: Ruins of Endion

Players

GreenToss - Winner!

  • Race: Protoss Protoss
  • League: Platinum

blackxored

  • Race: Zerg Zerg
  • League: Diamond

VOD

Have the link to the VOD?

Description

Time

  • Played on: July 3, 2016, 8:08 a.m.
  • Length: 16:07
Show
View Real Time Build Order
Export as new Build Order

GreenToss Protoss - Winner!

Build Orders:  

Get SALT Encoding   

  12  0:01  Probe (Chrono Boost)  
  13  0:12  Probe (Chrono Boost)  
  14  0:20  Pylon  
  14  0:24  Probe (Chrono Boost)  
  15  0:38  Gateway  
  15  0:40  Probe (Chrono Boost)  
  16  0:49  Assimilator  
  16  0:51  Probe (Chrono Boost)  
  17  0:59  Assimilator  
  17  1:03  Probe (Chrono Boost)  
  18  1:14  Gateway  
  18  1:17  Probe (Chrono Boost)  
  19  1:33  Cybernetics Core  
  19  1:34  Pylon  
  19  1:40  Zealot  
  21  1:54  Pylon  
  21  2:17  Pylon  
  21  2:20  Twilight Council  
  25  2:23  Adept x2 (Chrono Boost)  
  25  2:27  Warp Gate  
  25  2:29  Probe  
  26  2:41  Probe (Chrono Boost)  
  27  2:47  Adept x2 (Chrono Boost)  
  31  2:57  Resonating Glaives (Chrono Boost)  
  31  2:58  Pylon  
  31  3:04  Probe  
  32  3:14  Adept  
  32  3:15  Adept  
  36  3:42  Probe  
  36  3:45  Robotics Facility  
  27  4:17  Gateway, Mothership Core  
  27  4:19  Gateway  
  28  4:33  Pylon  
  28  4:37  Warp Prism  
  30  4:46  Pylon  
  30  4:50  Zealot  
  32  4:56  Pylon  
  32  5:04  Adept  
  34  5:33  Adept, Sentry  
  34  5:34  Adept x2  
  32  6:12  Forge  
  32  6:16  Adept x4  
  40  6:34  Nexus  
  40  6:40  Sentry x3  
  40  6:42  Sentry  
  48  6:52  Protoss Ground Weapons Level 1  
  48  6:55  Photon Cannon  
  48  6:56  Probe  
  49  7:08  Probe  
  50  7:11  Pylon  
  50  7:18  Adept  
  50  7:19  Adept  
  54  7:29  Adept, Sentry  
  58  7:44  Adept  
  58  7:45  Adept  
  62  7:55  Sentry  
  62  7:56  Adept  
  56  8:19  Probe  
  56  8:20  Probe  
  58  8:30  Adept x3, Probe  
  58  8:31  Adept  
  58  8:32  Probe  
  66  9:13  Adept  
  66  9:14  Adept x3  
  74  9:37  Adept x3  
  74  9:38  Adept  
  34  10:13  Adept  
  34  10:14  Adept x2  
  38  10:15  Adept  
  38  10:21  Probe  
  38  10:23  Probe  
  32  10:36  Probe  
  32  10:39  Probe  
  32  10:40  Pylon  
  34  10:53  Adept x2  
  34  10:54  Adept x2, Probe  
  34  10:55  Pylon, Probe  
  44  11:05  Probe  
  44  11:07  Probe  
  46  11:15  Adept x3, Sentry  
  46  11:29  Probe  
  46  11:30  Probe  
  46  11:36  Gateway  
  46  11:40  Assimilator  
  46  11:41  Gateway  
  46  11:42  Pylon, Probe  
  46  11:44  Sentry x2, Assimilator  
  46  11:46  Sentry  
  53  11:48  Probe  
  53  11:51  Sentry  
  56  11:57  Protoss Ground Armor Level 1  
  56  11:58  Probe  
  57  12:12  Probe  
  57  12:13  Probe  
  57  12:15  Robotics Facility  
  59  12:17  Observer  
  60  12:29  Zealot x2  
  64  12:30  Stalker  
  66  12:38  Observer  
  67  13:01  Nexus  
  67  13:08  Immortal  
  71  13:14  Pylon  
  71  13:19  Stalker  
  73  13:20  Stalker  
  73  13:22  Sentry  
  77  13:40  Templar Archives  
  58  14:27  Pylon  
  58  14:30  Gateway  
  58  14:31  Gateway  
  58  14:37  Photon Cannon, Probe x2  
  58  14:38  Probe  
  59  14:39  Gateway  
  61  14:49  Sentry  
  62  15:15  High Templar x3  
  62  15:16  High Templar  
  62  15:17  High Templar  
  62  15:21  Archon x2  
  72  15:40  Zealot  
Show
View Real Time Build Order
Export as new Build Order

blackxored Zerg 

Build Orders: Hatch First 

Get SALT Encoding   

  12  0:01  Drone  
  13  0:08  Drone  
  14  0:17  Overlord  
  14  0:23  Extractor  
  14  0:24  Drone  
  15  0:37  Drone x2  
  17  1:05  Drone x2  
  17  1:07  Extractor, Hatchery  
  18  1:11  Drone  
  18  1:24  Spawning Pool  
  17  1:30  Drone x2  
  19  1:40  Drone  
  20  1:49  Overlord  
  20  2:04  Overlord  
  20  2:12  Zergling x2  
  20  2:15  Hatchery  
  20  2:19  Metabolic Boost  
  20  2:21  Drone  
  20  2:22  Drone  
  22  2:31  Queen  
  24  2:50  Zergling x4  
  26  2:54  Drone x3  
  26  2:57  Drone  
  30  3:04  Zergling x2  
  31  3:07  Queen  
  31  3:09  Zergling x2  
  33  3:22  Zergling x4  
  34  3:31  Zergling x2  
  34  3:32  Zergling x4  
  36  3:49  Zergling x16  
  39  4:03  Drone x3  
  41  4:20  Spore Crawler  
  40  4:24  Zergling x2  
  40  4:25  Zergling x10  
  40  4:26  Baneling Nest, Spore Crawler  
  40  4:29  Queen  
  46  4:33  Spine Crawler  
  46  4:34  Spore Crawler  
  44  4:39  Spine Crawler  
  44  4:45  Queen  
  45  5:09  Baneling  
  45  5:10  Baneling x11  
  45  5:18  Overlord  
  45  5:20  Zergling x2, Queen  
  48  5:26  Queen  
  42  6:11  Zergling x30  
  57  6:22  Overlord x2  
  57  6:28  Pneumatized Carapace  
  57  7:00  Drone x2  
  59  7:12  Lair  
  59  7:20  Drone  
  59  7:21  Evolution Chamber  
  59  7:24  Drone x10  
  69  7:43  Baneling x5  
  69  7:44  Baneling x2  
  57  8:06  Zergling x20  
  62  8:38  Drone  
  62  8:39  Drone x5  
  68  8:47  Baneling x3  
  68  8:53  Extractor, Drone  
  68  8:54  Drone x2  
  69  9:13  Baneling x3  
  66  9:31  Zergling x16  
  64  9:35  Baneling x2  
  64  9:36  Baneling  
  53  9:47  Zergling x8  
  53  9:59  Zergling x4  
  51  10:24  Zergling x8  
  55  10:39  Zergling x2  
  55  10:40  Zergling x4  
  55  10:42  Baneling x8  
  58  10:43  Baneling x4  
  58  10:46  Spore Crawler  
  58  10:47  Spine Crawler  
  56  11:06  Drone  
  56  11:07  Drone x4  
  56  11:10  Drone  
  61  11:34  Zergling x8  
  65  11:55  Drone x2  
  65  11:59  Overlord x2  
  67  12:04  Baneling x2  
  67  12:05  Baneling x2  
  67  12:06  Centrifical Hooks  
  67  12:09  Hatchery  
  66  12:44  Zergling x12  
  72  12:55  Baneling  
  72  12:57  Baneling x3  
  72  13:09  Overlord  
  72  13:22  Zergling x6  
  72  13:23  Zergling x6  
  49  14:33  Spire  
  49  14:38  Overlord x3  
  42  15:06  Drone x6  
  44  15:17  Drone x3  
  44  15:20  Extractor  
  44  15:21  Drone  
  47  15:26  Extractor  
  47  15:28  Drone x3  
  49  15:32  Baneling x12  
  49  15:37  Drone x2  
  49  15:40  Extractor, Drone x3  
  49  15:41  Extractor  
Tags
 
Add a new tag
Caveats
  • Supply blocks, unpowered buildings, or Contaminate may cause inaccurate times.
  • Supply counts are checked every 10 seconds.